Map: Desert Strike Legacy (Official)

Players

manbearpig - Winner!

  • Race: Zerg Zerg
  • Spawn Location: 7:00

JaySlays

  • Race: Protoss Protoss
  • Spawn Location: 11:00

Cerberus - Winner!

  • Race: Protoss Protoss
  • Spawn Location: 6:00

Goaky

  • Race: Terran Terran
  • Spawn Location: 12:00

TheTruth - Winner!

  • Race: Terran Terran
  • Spawn Location: 6:00

mzc

  • Race: Zerg Zerg
  • Spawn Location: 1:00

VOD

Have the link to the VOD?

Description

Time

  • Played on: April 14, 2018, 11:54 p.m.
  • Length: 39:28
Show
View Real Time Build Order
Export as new Build Order

manbearpig Zerg - Winner!

Build Orders: 3 Hatch before Pool 

Get SALT Encoding   

    0:24  Hatchery  
    0:28  Hatchery  
    0:50  Extractor  
    1:53  Spawning Pool  
    3:22  Extractor  
    4:15  Roach Warren  
    4:22  Lair x2  
    4:31  Roach Warren  
    4:57  Roach Warren  
    5:02  Roach Warren  
    5:20  Roach Warren  
    6:05  Extractor  
    7:49  Nydus Network, Roach Warren  
    8:07  Roach Warren  
    8:24  Unknown  
    8:32  Roach Warren  
    9:22  Unknown x2  
    9:42  Unknown  
    10:08  Nydus Network  
    11:19  Unknown  
    11:21  Unknown  
    11:23  Unknown  
    11:38  Unknown  
    12:31  Unknown  
    12:35  Nydus Network  
    13:11  Unknown  
    14:13  Unknown x2  
    14:17  Unknown  
    14:39  Unknown  
    15:45  Unknown x2  
    16:10  Unknown  
    16:33  Unknown  
    16:36  Hive x2  
    17:08  Infestation Pit  
    17:35  Infestation Pit  
    17:51  Nydus Network  
    18:55  Infestation Pit  
    18:56  Infestation Pit  
    19:40  Unknown  
    19:43  Unknown  
    20:53  Unknown  
    21:23  Unknown  
    22:01  Extractor  
    23:00  Greater Spire  
    24:09  Spire  
    24:39  Extractor  
    24:45  Unknown  
    27:19  Extractor  
    27:34  Unknown  
    27:36  Unknown  
    28:31  Hive  
    28:32  Hive  
    30:34  Unknown  
    30:37  Unknown  
    30:39  Unknown  
    30:40  Unknown  
    30:44  Unknown  
    30:46  Unknown  
    31:00  Unknown  
    31:05  Unknown  
    31:24  Unknown  
    31:28  Unknown  
    31:47  Unknown  
    31:52  Unknown  
    31:53  Unknown  
    32:17  Unknown x2  
    32:23  Unknown  
    32:37  Unknown  
    33:21  Unknown  
    33:27  Unknown  
    33:28  Unknown  
    33:57  Unknown  
    34:01  Unknown  
    34:31  Greater Spire  
    35:06  Unknown  
    35:15  Unknown  
    35:27  Spire  
    36:42  Unknown  
    36:48  Unknown  
    37:22  Unknown  
    37:27  Unknown  
    38:07  Unknown x2  
    38:24  Unknown  
Show
View Real Time Build Order
Export as new Build Order

JaySlays Protoss 

Build Orders: Nexus First 

Get SALT Encoding   

    0:24  Nexus  
    0:55  Assimilator  
    1:35  Gateway  
    2:00  Gateway  
    2:24  Unknown  
    2:44  Unknown  
    3:44  Assimilator  
    4:43  Cybernetics Core  
    5:10  Twilight Council  
    5:37  Twilight Council  
    6:22  Assimilator  
    7:56  Twilight Council  
    8:22  Twilight Council  
    9:09  Twilight Council  
    9:10  Twilight Council  
    9:39  Dark Shrine  
    9:46  Twilight Council  
    10:35  Templar Archives  
    11:01  Twilight Council  
    11:43  Robotics Facility  
    12:38  Robotics Facility  
    13:22  Unknown  
    14:15  Robotics Facility  
    15:08  Robotics Facility  
    15:20  Stargate  
    16:13  Robotics Bay  
    17:10  Twilight Council  
    17:11  Twilight Council  
    17:12  Twilight Council  
    18:23  Robotics Bay  
    18:58  Twilight Council  
    19:12  Templar Archives  
    19:37  Twilight Council  
    19:58  Twilight Council  
    20:27  Twilight Council  
    20:41  Twilight Council  
    21:14  Twilight Council  
    21:17  Twilight Council  
    22:04  Assimilator  
    24:00  Robotics Facility  
    24:35  Assimilator  
    24:43  Forge  
    26:51  Robotics Facility  
    27:11  Assimilator  
    29:41  Robotics Facility  
    30:14  Robotics Facility  
    30:32  Unknown  
    31:09  Unknown  
    31:51  Unknown  
    31:55  Unknown  
    32:17  Unknown  
    32:26  Twilight Council  
    32:30  Twilight Council  
    32:38  Twilight Council  
    33:07  Unknown  
    33:34  Twilight Council  
    33:44  Robotics Facility  
    34:02  Robotics Facility  
    34:23  Robotics Facility  
    34:50  Robotics Facility  
    35:16  Robotics Facility  
    35:32  Robotics Facility  
    35:55  Robotics Facility  
    36:34  Robotics Facility  
    36:43  Robotics Facility  
    36:58  Templar Archives  
    37:17  Robotics Facility  
    37:52  Robotics Facility  
    38:04  Robotics Facility  
Show
View Real Time Build Order
Export as new Build Order

Cerberus Protoss - Winner!

Build Orders: Nexus First 

Get SALT Encoding   

    0:40  Nexus  
    0:52  Assimilator  
    2:06  Gateway  
    2:10  Gateway  
    2:18  Unknown  
    2:45  Unknown  
    3:48  Assimilator  
    4:57  Forge  
    5:03  Cybernetics Core  
    5:30  Unknown  
    5:35  Unknown  
    5:54  Unknown  
    6:43  Assimilator  
    8:19  Twilight Council  
    8:35  Twilight Council  
    8:59  Twilight Council  
    9:45  Twilight Council  
    9:48  Twilight Council  
    10:12  Twilight Council  
    10:25  Twilight Council  
    11:09  Unknown  
    11:41  Unknown  
    12:07  Robotics Facility  
    12:59  Templar Archives  
    13:03  Unknown  
    13:11  Unknown  
    13:35  Twilight Council  
    13:52  Twilight Council  
    14:47  Twilight Council  
    14:50  Twilight Council  
    14:56  Twilight Council  
    15:27  Twilight Council  
    16:22  Gateway x2  
    16:52  Robotics Bay  
    18:06  Robotics Bay  
    18:11  Robotics Facility  
    18:50  Stargate  
    19:50  Unknown  
    19:55  Templar Archives  
    21:14  Robotics Facility  
    21:38  Robotics Facility  
    22:05  Assimilator  
    24:22  Robotics Bay  
    24:45  Assimilator  
    26:43  Unknown  
    26:45  Unknown  
    26:56  Unknown  
    27:16  Assimilator  
    27:26  Unknown  
    29:55  Robotics Bay  
    30:00  Unknown  
    30:47  Robotics Facility  
    30:53  Unknown  
    31:09  Unknown  
    31:33  Robotics Facility  
    32:26  Unknown  
    32:27  Unknown  
    32:49  Unknown  
    33:12  Robotics Facility  
    33:57  Unknown  
    33:59  Unknown  
    34:26  Unknown  
    34:40  Unknown  
    35:50  Unknown  
    36:16  Robotics Facility  
    37:08  Robotics Facility  
    37:12  Unknown  
    37:40  Unknown  
    38:04  Robotics Facility  
    38:35  Unknown  
    38:58  Unknown  
Show
View Real Time Build Order
Export as new Build Order

Goaky Terran 

Build Orders:  

Get SALT Encoding   

    0:51  Refinery  
    1:40  Barracks  
    1:57  Barracks  
    2:17  Barracks Tech Lab  
    3:22  Refinery  
    4:16  Barracks  
    4:34  Barracks  
    4:56  Barracks  
    5:05  Barracks  
    5:53  Refinery  
    7:06  Barracks  
    7:23  Barracks  
    7:29  Barracks  
    7:54  Barracks  
    7:57  Barracks  
    8:06  Barracks  
    8:17  Barracks  
    8:28  Barracks  
    9:12  Unknown  
    9:13  Unknown  
    9:14  Barracks Tech Lab x2  
    10:27  Barracks Reactor x2  
    10:28  Barracks Reactor x3  
    10:37  Barracks Reactor  
    11:19  Barracks Reactor x3  
    11:33  Barracks  
    11:48  Barracks  
    11:56  Barracks  
    12:08  Barracks  
    12:20  Barracks  
    12:31  Barracks  
    13:02  Barracks  
    13:50  Unknown x2  
    13:51  Barracks Reactor x3  
    14:01  Barracks Reactor  
    14:15  Barracks Reactor  
    14:57  Ghost Academy  
    15:12  Ghost Academy  
    15:24  Ghost Academy  
    16:13  Factory  
    16:50  Factory Tech Lab  
    17:03  Factory  
    18:14  Factory Tech Lab  
    18:28  Factory  
    19:42  Factory Tech Lab  
    20:17  Factory  
    21:05  Factory Tech Lab  
    21:59  Refinery  
    22:07  Starport  
    24:30  Refinery  
    24:33  Armory  
    27:01  Refinery  
    27:25  Unknown  
    29:38  Starport Tech Lab  
    29:44  Starport  
    29:48  Starport  
    29:53  Starport Tech Lab  
    29:58  Starport Tech Lab  
    30:55  Unknown  
    30:57  Unknown  
    30:58  Unknown  
    30:59  Unknown  
    31:08  Unknown  
    31:09  Unknown x3  
    31:11  Unknown x2  
    31:13  Unknown x2  
    31:14  Unknown  
    31:24  Unknown  
    31:26  Unknown  
    31:33  Unknown  
    32:31  Unknown x2  
    32:33  Unknown  
    32:35  Unknown  
    32:36  Unknown  
    32:38  Unknown  
    32:44  Unknown  
    32:55  Unknown  
    33:07  Unknown  
    33:59  Factory x2  
    34:01  Factory  
    34:03  Factory  
    34:04  Factory  
    34:09  Factory Tech Lab  
    34:32  Factory Tech Lab  
    35:22  Factory Tech Lab  
    35:34  Factory Tech Lab  
    36:05  Factory Tech Lab  
    36:23  Unknown  
    37:08  Orbital Command  
    37:14  Armory  
    38:13  Armory  
    38:16  Armory  
    38:48  Armory  
    38:52  Armory  
    38:58  Factory  
    39:04  Factory  
Show
View Real Time Build Order
Export as new Build Order

TheTruth Terran - Winner!

Build Orders:  

Get SALT Encoding   

    0:52  Refinery  
    1:37  Barracks  
    1:56  Barracks  
    3:02  Barracks Reactor  
    3:23  Refinery  
    4:26  Barracks  
    4:55  Unknown  
    5:29  Barracks Reactor  
    5:33  Barracks  
    5:37  Barracks Reactor  
    6:17  Refinery  
    7:37  Barracks  
    7:55  Barracks Reactor  
    8:00  Barracks  
    8:13  Barracks Reactor  
    8:27  Unknown  
    8:35  Factory  
    8:50  Unknown  
    9:02  Unknown  
    9:29  Unknown  
    9:31  Unknown  
    9:49  Unknown  
    9:58  Unknown  
    10:09  Unknown  
    10:31  Barracks  
    10:33  Barracks Reactor  
    10:48  Unknown  
    11:03  Unknown  
    11:21  Unknown  
    11:27  Barracks  
    11:38  Barracks Reactor  
    12:00  Orbital Command  
    12:09  Starport  
    14:06  Factory  
    14:07  Factory Tech Lab  
    15:03  Factory Tech Lab  
    15:42  Factory  
    16:28  Factory Tech Lab  
    16:54  Factory  
    17:47  Factory Tech Lab  
    17:58  Factory  
    18:38  Factory Tech Lab  
    18:52  Factory  
    20:03  Factory Tech Lab  
    20:19  Unknown  
    20:42  Unknown  
    20:49  Unknown  
    21:04  Unknown  
    21:26  Unknown  
    21:30  Unknown  
    22:02  Refinery  
    23:46  Unknown  
    23:56  Unknown  
    24:34  Refinery  
    25:11  Unknown  
    25:13  Unknown  
    26:40  Factory  
    27:06  Refinery  
    29:29  Factory Tech Lab  
    29:40  Factory  
    30:05  Factory Tech Lab  
    30:38  Factory  
    30:40  Factory Tech Lab  
    31:03  Factory  
    31:17  Factory Tech Lab  
    31:50  Factory  
    31:54  Factory Tech Lab  
    32:03  Factory  
    32:33  Factory Tech Lab  
    32:37  Factory  
    33:08  Factory Tech Lab  
    33:21  Factory  
    33:41  Factory Tech Lab  
    33:52  Factory  
    34:23  Factory Tech Lab  
    34:33  Unknown  
    34:41  Unknown  
    35:03  Unknown  
    35:19  Unknown  
    35:26  Unknown  
    35:31  Unknown  
    35:34  Unknown  
    35:52  Unknown  
    35:58  Unknown  
    36:06  Unknown  
    36:18  Unknown  
    36:22  Unknown  
    36:46  Unknown  
    36:51  Unknown  
    36:55  Unknown  
    37:05  Unknown  
    37:15  Unknown  
    37:29  Unknown  
    37:35  Unknown  
    37:45  Unknown  
    37:54  Factory  
    38:20  Factory Tech Lab  
    38:40  Factory  
    38:56  Factory Tech Lab  
    39:14  Factory  
Show
View Real Time Build Order
Export as new Build Order

mzc Zerg 

Build Orders: Pool First 

Get SALT Encoding   

    0:50  Extractor  
    1:31  Spawning Pool  
    2:53  Roach Warren x2  
    3:21  Extractor  
    4:40  Roach Warren  
    4:41  Roach Warren  
    4:45  Roach Warren  
    5:51  Extractor  
    5:52  Roach Warren  
    6:54  Lair  
    7:51  Nydus Network  
    8:01  Nydus Network  
    9:28  Nydus Network  
    9:30  Unknown  
    9:31  Unknown  
    9:36  Unknown  
    11:02  Unknown  
    11:04  Unknown x2  
    11:05  Unknown  
    12:32  Unknown  
    12:33  Unknown  
    12:35  Unknown  
    12:46  Unknown  
    13:12  Hive  
    14:22  Infestation Pit  
    14:24  Unknown  
    14:25  Unknown  
    15:57  Unknown  
    15:58  Unknown  
    16:00  Unknown  
    16:01  Unknown  
    16:02  Unknown  
    17:21  Greater Spire  
    17:35  Unknown  
    17:37  Unknown, Nydus Network  
    17:39  Unknown  
    18:13  Spire  
    19:14  Unknown  
    20:40  Ultralisk Cavern  
    20:43  Unknown  
    20:49  Roach Warren  
    21:58  Extractor  
    22:07  Infestation Pit  
    23:07  Lair  
    23:55  Unknown  
    23:56  Unknown  
    24:00  Hatchery  
    24:28  Extractor  
    27:02  Extractor  
    27:11  Unknown  
    27:15  Unknown  
    30:23  Unknown  
    30:27  Unknown  
    30:40  Greater Spire  
    31:48  Spire  
    31:51  Unknown  
    32:04  Unknown  
    32:06  Unknown  
    33:41  Unknown  
    33:42  Unknown  
    33:43  Unknown  
    33:44  Unknown  
    35:16  Unknown  
    35:17  Unknown  
    35:18  Unknown  
    35:21  Unknown  
    36:49  Unknown  
    36:51  Unknown  
    36:53  Unknown  
    36:54  Unknown  
    37:15  Greater Spire  
    37:40  Greater Spire  
    38:24  Spire  
    38:25  Spire  
Tags
 
Add a new tag
Caveats
  • Supply blocks, unpowered buildings, or Contaminate may cause inaccurate times.
  • Supply counts are checked every 10 seconds.